 Dungeon Crawl Stone Soup version 0.18-a0-739-gdae9da8 (webtiles) character file.

387 M4edhros the Charlatan (level 6, -13/38 HPs)
             Began as an Octopode Artificer on Dec 10, 2015.
             Was an Initiate of Dithmenos.
             Mangled by an ice devil (15 damage)
             ... summoned by Xom
             ... while paralysed by a chaos spawn
             ... on level 3 of the Dungeon.
             The game lasted 00:04:03 (2007 turns).

M4edhros the Charlatan (Octopode Artificer)         Turns: 2007, Time: 00:04:03

Health: -13/38     AC:  1    Str: 11      XL:     6   Next: 78%
Magic:  9/9        EV:  2    Int: 18      God:    Dithmenos [......]
Gold:   102        SH:  0    Dex: 11 (12) Spells: 0 memorised, 5 levels left

rFire  . . .     SeeInvis .     i - +0 halberd
rCold  . . .     Clarity  .     (shield currently unavailable)
rNeg   . . .     SustAt   .     (helmet restricted)
rPois  .         Gourm    .     (no amulet)
rElec  .         Spirit   .     (no ring)
rCorr  .         Dismiss  .     (no ring)
rMut   .         Rnd*Tele +     (no ring)
MR     .....                    (no ring)
Stlth  ++++......               (no ring)
                                (no ring)
                                (no ring)
                                (no ring)

@: paralysed, not resistant to hostile enchantments, stealthy
A: almost no armour, amphibious, 8 rings, constrict 8, camouflage 1, clever 1,
teleportitis 1, gelatinous body 1
a: Renounce Religion


You were on level 3 of the Dungeon.
You worshipped Dithmenos.
Dithmenos was noncommittal.
You were not hungry.

You visited 2 branches of the dungeon, and saw 6 of its levels.

You collected 102 gold pieces.

Inventory:

Hand Weapons
 a - a +0 short sword
 f - a +0 hunting sling
 i - a +0 halberd (weapon)
Missiles
 k - 22 sling bullets
 n - 81 stones (quivered)
Wands
 b - a wand of flame (4)
 c - a wand of enslavement (12)
 d - a wand of random effects (0)
Scrolls
 m - 3 scrolls of identify {unknown}
Comestibles
 e - a bread ration
 g - a slice of pizza
 j - a beef jerky


   Skills:
 - Level 1.0 Fighting
 - Level 1.0 Short Blades
 * Level 3.6 Slings
 + Level 3.1 Dodging
 + Level 4.9 Stealth
 + Level 5.0 Evocations


You had 5 spell levels left.
You didn't know any spells.

Dungeon Overview and Level Annotations

Branches:
Dungeon (5/15)             Temple (1/1) D:5

Altars:
Dithmenos
Elyvilon
Gozag
Kikubaaqudgha
Makhleb
Nemelex Xobeh
Qazlal
Sif Muna
Vehumet
Xom
Zin
The Shining One


Innate Abilities, Weirdness & Mutations

You cannot wear most types of armour.
You are amphibious.
You can wear up to eight rings at the same time.
You can use your tentacles to constrict eight enemies at once.
Your skin changes colour to match your surroundings (Stealth).
Your rubbery body absorbs attacks (AC +1).
Your mind is acute. (Int +2)
You are occasionally teleported next to monsters.


Message History

You kill the rat!
Dithmenos accepts your kill.
You start resting. "Let me alter your body."
Your body is suffused with distortional energy.
You feel weaker.
You start resting. "Time to have some fun!"
You completely miss the quasit. Your grab misses the quasit.
Read which item? (? for menu, Esc to quit)
Okay, then.
The ufetubus hits you. The ufetubus closely misses you.
The quasit completely misses you. The quasit closely misses you.
The quasit claws you.
You feel clumsy. The quasit bites you. The quasit misses you.
The quasit misses you. The chaos spawn hits you!!
* * * LOW HITPOINT WARNING * * *
You suddenly lose the ability to move!
The ice devil hits you!
You die...

####### #.....#
#..<..# #.....#
##.....#
#####...$..#
.....5.555.#
#....555@4?#
.####†553.#
##43### #5## ..
###.# #. #...#
##### #.###.###
#.P#P## #.....##
.#.PPP###>.#...#


You could see a soul eater, an orange demon, an ice devil, a chaos spawn, 3 iron
imps, 3 quasits, a crimson imp, a shadow imp and 2 ufetubi.

Vanquished Creatures
  A porcupine (D:4)
  An ogre (D:4)
  Blork the orc (D:5)
  A centaur skeleton (D:4)
  Natasha (D:2)
  2 worker ants (D:4)
  An ooze (D:2)
  2 worms (D:2)
  A giant gecko (D:2)
  6 orcs
  4 giant cockroaches
  3 goblins
  4 hobgoblins
  3 bats
  A giant newt (D:2)
  4 kobolds
  3 rats
39 creatures vanquished.

Vanquished Creatures (collateral kills)
  2 orcs (D:4)
2 creatures vanquished.

Grand Total: 41 creatures vanquished

Notes
Turn   | Place    | Note
--------------------------------------------------------------
     0 | D:1      | M4edhros the Octopode Artificer began the quest for the Orb.
     0 | D:1      | Reached XP level 1. HP: 13/13 MP: 3/3
   161 | D:2      | Noticed Natasha
   167 | D:2      | Killed Natasha
   167 | D:2      | Reached skill level 4 in Evocations
   167 | D:2      | Reached XP level 2. HP: 9/18 MP: 5/5
   167 | D:2      | Reached XP level 3. HP: 11/23 MP: 6/6
   652 | D:3      | Gained mutation: Your mind is acute. (Int +2) [potion of mutation]
   652 | D:3      | Gained mutation: Your muscles are strong. (Str +2) [potion of mutation]
   652 | D:3      | Gained mutation: You are occasionally teleported next to monsters. [potion of mutation]
   663 | D:3      | Reached XP level 4. HP: 26/28 MP: 7/7
   668 | D:3      | Reached skill level 1 in Slings
   707 | D:4      | Noticed Eustachio
   772 | D:4      | Noticed Eustachio
   772 | D:4      | Eustachio changed into Eustachio the porcupine
   809 | D:4      | Killed Eustachio the porcupine
   809 | D:4      | Reached XP level 5. HP: 12/33 MP: 8/8
  1060 | D:4      | Found a stormy altar of Qazlal.
  1163 | D:4      | Noticed an ogre
  1172 | D:4      | Killed an ogre
  1172 | D:4      | Reached XP level 6. HP: 26/38 MP: 9/9
  1180 | D:4      | Noticed an angel
  1181 | D:4      | Found a glowing silver altar of Zin.
  1181 | D:4      | Found a shimmering altar of Xom.
  1384 | D:4      | Became a worshipper of Xom of Chaos
  1459 | D:5      | Entered Level 5 of the Dungeon
  1468 | D:5      | Found an opulent altar of Gozag.
  1471 | D:5      | Found a glowing golden altar of the Shining One.
  1485 | D:5      | Found a staircase to the Ecumenical Temple.
  1485 | D:5      | Noticed Blork the orc
  1498 | D:5      | Killed Blork the orc
  1498 | D:5      | Reached skill level 5 in Evocations
  1505 | Temple   | Entered the Ecumenical Temple
  1720 | Temple   | XOM: divination: detect items
  1791 | Temple   | Fell from the grace of Xom
  1791 | Temple   | Became a worshipper of Dithmenos the Shadowed
  1969 | D:3      | XOM: give mutation
  1969 | D:3      | Lost mutation: Your muscles are strong. (Str +2) [Xom's mischief]
  2005 | D:3      | XOM: summons 14 hostile demons
  2006 | D:3      | Noticed a chaos spawn
  2006 | D:3      | Noticed an orange demon
  2006 | D:3      | Noticed a soul eater
  2006 | D:3      | Noticed an ice devil
  2007 | D:3      | Paralysed by a chaos spawn for 2 turns
  2007 | D:3      | Mangled by an ice devil

Vault maps used:
D:1:      mrwooster_arrival_statue_3, serial_glass, glass_columns_a,
          glass_columns_a, glass_columns_a, glass_columns_b
D:2:      gammafunk_temple_overflow_statue, fedhas_altar_fruit_tree,
          uniq_natasha
D:3:      wad_lake_hut, okawaru_altar_gauntlet_db, first_bread,
          ecumenical_altar_2, minmay_rat_hole
D:4:      grunt_temple_overflow_order_and_chaos_1, grunt_qazlal_sundering,
          uniq_eustachio
D:5:      nicolae_overflow_hidden_temple, minmay_temple_entry_purple_smoke,
          uniq_blork_the_orc, uniq_menkaure
Temple:   nicolae_temple_great_sept

Action                   |  1- 3 |  4- 6 || total
-------------------------+-------+-------++-------
Melee: Short sword       |    49 |    10 ||    59
       Dagger            |       |    29 ||    29
       Halberd           |       |    24 ||    24
Evoke: Wand              |     2 |    27 ||    29
  Use: Potion            |     2 |     1 ||     3
       Scroll            |       |     2 ||     2
 Stab: Sleeping          |     8 |     3 ||    11
       Confused          |     1 |       ||     1
       Distracted        |       |     1 ||     1
  Eat: Chunk             |       |     1 ||     1
       Meat ration       |       |     1 ||     1
